 Dungeon Crawl Stone Soup version 0.32-a0-913-g739538afd8 (webtiles) character file.

Game seed: 11831938546401321997

36437 PriceMaster the Covert (level 13, -4/68 HPs)
             Began as a Spriggan Earth Elementalist on Apr 5, 2024.
             Slain by Rupert
             ... wielding a +0 battleaxe of flaming
              (10 damage)
             ... while paralysed by Rupert
             ... on level 1 of the Lair of Beasts on Apr 8, 2024.
             The game lasted 00:49:24 (20834 turns).

PriceMaster the Covert (SpEE)                      Turns: 20834, Time: 00:49:25

Health: -4/68      AC:  3    Str:  9      XL:     13   Next: 53%
Magic:  36/40      EV:  4    Int: 17 (18) God:
Gold:   755        SH:  0    Dex: 20      Spells: 24/39 levels left

rFire   + . .        Q - +8 demon blade "Leech" {evervamp, Harm ^Drain rN+}
rCold   + . .        (no shield)
rNeg    + . .        P - +0 robe of Autumn {Str+5 Int-3 Dex+6}
rPois   .            A - +1 hat
rElec   .            k - scarf {rC+ rF+}
rCorr   .            (gloves unavailable)
SInv    +            (boots unavailable)
Will    +++..        E - amulet of magic regeneration
Stlth   ++++++       z - ring of magical power
HPRegen 0.31/turn    (no ring)
MPRegen 0.67/turn

%: harm (+30% outgoing, +20% incoming)
@: paralysed, brilliant, enlightened, flying, hasted, very quick
A: very small, no large weapons, unfitting armour, see invisible, speed 3,
clumsy 1, deterioration 1, screaming 1, devolution 1
a: no special abilities


You were on level 1 of the Lair of Beasts.
You visited 2 branches of the dungeon, and saw 14 of its levels.

You collected 755 gold pieces.

Inventory:

Hand Weapons
 c - a +0 dagger
 g - a +0 whip
 n - a +4 mace
 o - the +1 short sword "Vuentalo" {protect, rPois rN+ Will+ Int+4 Dex-2}
   (You found it on level 2 of the Dungeon)

   Int+4:     It affects your intelligence (+4).
   Dex-2:     It affects your dexterity (-2).
   rPois:     It protects you from poison.
   rN+:       It protects you from negative energy.
   Will+:     It increases your willpower.
 Q - the +8 demon blade "Leech" (weapon) {evervamp, Harm ^Drain rN+}
   (You found it on level 1 of the Lair of Beasts)

   rN+:       It protects you from negative energy.
   ^Drain:    It drains your maximum health when unequipped.
   Harm:      It increases damage dealt and taken.
Missiles
 D - 2 throwing nets
Armour
 a - a +0 robe
 d - a +0 cloak
 e - a +0 pair of boots
 j - a +2 cloak
 k - a scarf of resistance (worn)
 q - the +1 leather armour of Hide-and-Seek {Slay+3}
   (You found it on level 11 of the Dungeon)

   Slay+3:    It affects your accuracy & damage with ranged weapons and melee
   (+3).
 A - a +1 hat (worn)
 G - a +1 troll leather armour
 J - +0 acid dragon scales
 P - the +0 robe of Autumn (worn) {Str+5 Int-3 Dex+6}
   (You found it on level 1 of the Lair of Beasts)

   Str+5:     It affects your strength (+5).
   Int-3:     It affects your intelligence (-3).
   Dex+6:     It affects your dexterity (+6).
Magical Staves
 L - a staff of earth
Jewellery
 z - a ring of magical power (left hand)
 E - an amulet of magic regeneration (around neck)
 N - an amulet of faith
Wands
 b - a wand of flame (51)
 x - a wand of polymorph (2)
 y - a wand of paralysis (1)
 O - a wand of roots (6)
Scrolls
 f - 4 scrolls of blinking
 h - a scroll of revelation
 i - 3 scrolls of fear
 l - 2 scrolls of brand weapon
 p - 4 scrolls of vulnerability
 t - 3 scrolls of amnesia
 u - 3 scrolls of enchant weapon
 w - 8 scrolls of teleportation
 H - 2 scrolls of fog
 M - 3 scrolls of poison
 S - a scroll of identify
 T - a scroll of immolation
Potions
 r - 2 potions of brilliance
 s - 5 potions of attraction
 v - 4 potions of heal wounds
 B - 8 potions of curing
 C - 2 potions of berserk rage
 F - a potion of enlightenment
 I - 3 potions of degeneration {unknown}
 K - a potion of might {unknown}
 R - a potion of invisibility {unknown}


   Skills:
 * Level 7.7 Fighting
 + Level 8.9(9.0) Short Blades
 * Level 0.9(4.3) Long Blades
 + Level 2.6 Armour
 * Level 11.1 Dodging
 * Level 13.9 Stealth
 * Level 13.5 Spellcasting
 + Level 4.4 Conjurations
 + Level 1.2 Hexes
 + Level 1.2 Translocations
 + Level 0.3 Fire Magic
 + Level 7.5 Earth Magic
 + Level 2.3 Alchemy
 + Level 2.0 Evocations


You had 24 spell levels left.
You knew the following spells:

 Your Spells              Type           Power      Damage    Failure   Level
a - Sandblast             Erth           100%       2d20      1%          1
b - Stone Arrow           Conj/Erth      94%        3d12      1%          3
d - Brom's Barrelling Bo  Conj/Erth      47%        2d6       4%          4
e - Petrify               Alch/Erth      42%        N/A       8%          4
f - Inner Flame           Hex/Fire       21%        N/A       13%         3

Your spell library contained the following spells:

 Spells                   Type           Power      Damage    Failure   Level
 Passwall                 Erth           54%        N/A       1%          3
 Momentum Strike          Conj/Tloc      62%        3d9       2%          2
 Blink                    Tloc           46%        N/A       5%          2
 Lesser Beckoning         Tloc           46%        N/A       5%          2
 Flame Wave               Conj/Fire      29%        2d9       22%         4
 Sticky Flame             Fire/Alch      24%        2d6       34%         4


Dungeon Overview and Level Annotations

Branches:
Dungeon (13/15)            Temple (0/1) D:4            Lair (1/5) D:11
    Orc (0/2) D:12         Vaults (0/5) D:13

Altars:
Ashenzari
Dithmenos
Fedhas
Gozag
Hepliaklqana
Nemelex Xobeh
Qazlal
Trog
Xom

Shops:
D:7 [

Portals:
Trove: D:11 (give +6 demon trident)

Annotations:
Lair:1 Rupert


Innate Abilities, Weirdness & Mutations

You are very small and have problems with some larger weapons.
You are too small for most types of armour.
You have supernaturally acute eyesight. (SInv)
You cover ground extremely quickly. (Speed+++)
You are clumsy. (Dex -2)
Your body sometimes deteriorates upon taking damage.
You occasionally shout uncontrollably at your foes.
You have hidden genetic defects.


Message History

Aiming: Petrify (dangerous; 8% risk of failure)
Press: ? - help, Shift-Dir - straight line, f/p - Rupert
Aim: Rupert, wielding a +0 battleaxe of flaming and wearing a +0 leather armour (chance to affect: 8%)
You feel a surge of power!
Rupert resists with almost no effort.
Casting: Petrify (dangerous; 8% risk of failure)
Confirm with . or Enter, or press ? or * to list all spells.
Aiming: Petrify (dangerous; 8% risk of failure)
Press: ? - help, Shift-Dir - straight line, f/p - Rupert
Aim: Rupert, wielding a +0 battleaxe of flaming and wearing a +0 leather armour (chance to affect: 8%)
You feel a surge of power!
Rupert resists with almost no effort.
Rupert barely misses you.
You slash Rupert!
Rupert is lightly wounded.
You hit Rupert.
Rupert is lightly wounded.
Rupert completely misses you.
You barely miss Rupert.
Rupert is lightly wounded.
Rupert completely misses you.
You slash Rupert!
Rupert is moderately wounded.
You slash Rupert!
Rupert is moderately wounded.
Rupert completely misses you.
You slice Rupert!!
Rupert is heavily wounded.
Rupert roars wildly at you.
You suddenly lose the ability to move!
Rupert hits you with a +0 battleaxe of flaming.
Rupert burns you. Rupert barely misses you.
Your magical contamination has completely faded away.
Rupert roars madly and goes into a rage!
Rupert goes berserk!
Rupert hits you with a +0 battleaxe of flaming!!!
Ouch! That really hurt!
* * * LOW HITPOINT WARNING * * *
Rupert burns you!
You die...
Rupert roars with triumph.

.........♣♣♣♣§..♣♣♣♣♣♣
..........♣♣..§♣..§..♣
###.#.....♣♣.§§§.....♣
....+....♣♣♣###'#####♣
....#.....♣ #....# .#
....#....♣♣ #....#}.#
....#....♣♣ #....#..#
....+.....♣ #....@..#
....#.....♣ #...@#.÷#
###+......♣ #'#######
..........♣ #..)....#
.........♣♣ #.......#
.........♣♣ #'###'###
..........♣ #...#÷..#
.#..#....♣♣ #...#...#
.....#...♣ #...#...#
.....#...♣ #...#...#


You could see Rupert (berserk).

Vanquished Creatures
  A vault guard (D:13)
  A centaur warrior (D:13)
  2 two-headed ogres
  A tengu warrior (D:13)
  A shadow wraith (D:13)
  2 ugly things (D:13)
  A deep elf pyromancer (D:13)
  3 cyclopes
  An ice statue (D:11)
  A gargoyle (D:12)
  3 cane toads (Lair:1)
  2 unseen horrors (D:12)
  2 kobold demonologists
  A rime drake (Lair:1)
  A komodo dragon (Lair:1)
  4 trolls
  A wind drake (shapeshifter) (D:13)
  A shadow (D:13)
  4 wraiths
  3 vampires
  9 yaks
  3 basilisks (D:11)
  A wyvern (D:8)
  A human (Lair:1)
  Eustachio (D:4)
  8 vampire mosquitoes
  8 water moccasins
  3 acid dragons
  4 orc warriors
  4 sky beasts
  2 ice beasts (D:7)
  10 black bears
  2 ogres
  A boggart (D:9)
  8 wolves
  4 phantoms
  7 centaurs
  11 kobold brigands
  8 bullfrogs
  A gnoll sergeant (D:9)
  2 scorpions
  8 killer bees (D:9)
  6 howler monkeys (D:10)
  3 bombardier beetles (D:5)
  4 jellies
  2 gnoll boudas (D:8)
  5 orc priests
  4 hounds
  A sleepcap (D:5)
  An iguana (D:7)
  9 orc wizards
  Robin (D:2)
  5 adders
  8 gnolls (D:8)
  4 dart slugs
  32 orcs
  6 ball pythons
  5 bats
  9 endoplasms
  4 giant cockroaches
  14 goblins
  13 hobgoblins
  3 quokkas
  4 frilled lizards
  26 kobolds
  2 rats
313 creatures vanquished.

Vanquished Creatures (collateral kills)
  A scorpion (D:6)
  A killer bee (D:9)
2 creatures vanquished.

Grand Total: 315 creatures vanquished

Notes
Turn   | Place    | Note
-------+----------+-------------------------------------------
     0 | D:1      | PriceMaster the Spriggan Earth Elementalist began the quest
                  | for the Orb.
     0 | D:1      | Reached XP level 1. HP: 9/9 MP: 5/5
   244 | D:1      | Reached XP level 2. HP: 13/13 MP: 4/6
   935 | D:1      | Reached XP level 3. HP: 17/17 MP: 6/8
  1297 | D:2      | Noticed Robin
  1316 | D:2      | Killed Robin
  1489 | D:2      | Reached XP level 4. HP: 21/21 MP: 8/10
  1622 | D:2      | Identified the +1 short sword "Vuentalo" {protect, rPois
                  | rN+ Will+ Int+4 Dex-2}
  1627 | D:2      | Noticed a shining eye
  1631 | D:2      | Noticed a golden eye
  1634 | D:2      | Found a faded altar of an unknown god.
  1636 | D:2      | Noticed a golden eye
  1636 | D:2      | Noticed an eye of devastation
  2353 | D:3      | Learned a level 3 spell: Stone Arrow
  2356 | D:3      | Learned a level 2 spell: Momentum Strike
  2808 | D:4      | Reached skill level 1 in Fighting
  2825 | D:4      | Noticed an ogre
  2827 | D:4      | Killed an ogre
  2828 | D:4      | Reached skill level 1 in Short Blades
  2828 | D:4      | Reached XP level 5. HP: 25/25 MP: 5/12
  3095 | D:4      | Noticed a black bear
  3101 | D:4      | Killed a black bear
  3102 | D:4      | Reached XP level 6. HP: 30/30 MP: 7/14
  3158 | D:4      | Found a staircase to the Ecumenical Temple.
  3164 | D:4      | Noticed Eustachio
  3215 | D:4      | Killed Eustachio
  3216 | D:4      | Reached skill level 5 in Spellcasting
  3216 | D:4      | Reached skill level 1 in Conjurations
  3978 | D:5      | Entered Level 5 of the Dungeon
  3984 | D:5      | Learned a level 4 spell: Brom's Barrelling Boulder
  4034 | D:5      | Gained mutation: You sometimes lose your temper in combat.
                  | [potion of mutation]
  4034 | D:5      | Gained mutation: Armour fits poorly on your strangely
                  | shaped body. [potion of mutation]
  4035 | D:5      | Lost mutation: You sometimes lose your temper in combat.
                  | [potion of mutation]
  4035 | D:5      | Lost mutation: Armour fits poorly on your strangely shaped
                  | body. [potion of mutation]
  4035 | D:5      | Gained mutation: You sometimes lose your temper in combat.
                  | [potion of mutation]
  4036 | D:5      | Lost mutation: You sometimes lose your temper in combat.
                  | [potion of mutation]
  4036 | D:5      | Gained mutation: You are frail. (-10% HP) [potion of
                  | mutation]
  4036 | D:5      | Gained mutation: You have sharp toenails. [potion of
                  | mutation]
  4036 | D:5      | Gained mutation: You are strong-willed. (Will+) [potion of
                  | mutation]
  4047 | D:5      | Reached XP level 7. HP: 26/30 MP: 2/16
  4053 | D:5      | Reached skill level 5 in Stealth
  4106 | D:5      | Reached skill level 1 in Translocations
  4301 | D:5      | Found a glowing drain.
  5109 | D:5      | Reached skill level 5 in Dodging
  5109 | D:5      | Reached XP level 8. HP: 35/35 MP: 14/19
  6627 | D:6      | Found a stormy altar of Qazlal.
  6627 | D:6      | Found a shadowy altar of Dithmenos.
  6880 | D:7      | Reached XP level 9. HP: 25/39 MP: 4/22
  6942 | D:7      | Found a bloodstained altar of Trog.
  6987 | D:7      | Reached skill level 1 in Evocations
  6997 | D:7      | Found Koqij's Armour Shoppe.
  7033 | D:7      | Reached skill level 5 in Earth Magic
  7344 | D:7      | Upgraded the game from 0.32-a0-900-g30fb1b0edc to
                  | 0.32-a0-909-gc671339a80
  7405 | D:7      | Found a shimmering altar of Xom.
  7482 | D:7      | Found a hazy altar of Hepliaklqana.
  7599 | D:7      | You fall into a shaft and drop 1 floor!
  7613 | D:8      | Found a blossoming altar of Fedhas.
  8813 | D:9      | Noticed a troll
  8838 | D:9      | Killed a troll
  9282 | D:9      | Reached XP level 10. HP: 44/45 MP: 11/24
  9300 | D:9      | Reached skill level 5 in Short Blades
 10322 | D:9      | Found a sparkling altar of Nemelex Xobeh.
 10569 | D:9      | Found an opulent altar of Gozag.
 10882 | D:9      | Noticed a centaur warrior
 10892 | D:9      | Noticed a deep elf pyromancer
 10893 | D:9      | Noticed a two-headed ogre
 10925 | D:9      | Lost mutation: You have sharp toenails. [potion of
                  | mutation]
 10925 | D:9      | Lost mutation: You are frail. (-10% HP) [potion of
                  | mutation]
 10925 | D:9      | Lost mutation: You are strong-willed. (Will+) [potion of
                  | mutation]
 10925 | D:9      | Gained mutation: You are partially covered in large bone
                  | plates. (SH +4) [potion of mutation]
 10925 | D:9      | Gained mutation: Your flesh is cold resistant. (rC+)
                  | [potion of mutation]
 10926 | D:9      | Killed a two-headed ogre
 10927 | D:9      | Reached skill level 10 in Spellcasting
 11839 | D:9      | Reached skill level 5 in Fighting
 11839 | D:9      | Reached skill level 1 in Armour
 11839 | D:9      | Reached skill level 10 in Stealth
 11839 | D:9      | Reached XP level 11. HP: 56/56 MP: 27/27
 11840 | D:9      | Reached XP level 12. HP: 61/61 MP: 28/28
 11846 | D:9      | Learned a level 4 spell: Petrify
 11930 | D:9      | Upgraded the game from 0.32-a0-909-gc671339a80 to
                  | 0.32-a0-913-g739538afd8
 11937 | D:10     | Entered Level 10 of the Dungeon
 13633 | D:11     | Reached skill level 10 in Dodging
 13677 | D:11     | Reached skill level 1 in Alchemy
 13944 | D:11     | Identified the +1 leather armour of Hide-and-Seek {Slay+3}
 15275 | D:11     | Found a staircase to the Lair.
 15549 | D:11     | Learned a level 3 spell: Inner Flame
 15597 | D:11     | Found a portal to a secret trove of treasure.
 15781 | D:11     | Noticed a two-headed ogre
 15806 | D:11     | Killed a two-headed ogre
 17262 | D:12     | Found a staircase to the Orcish Mines.
 17343 | D:12     | Reached skill level 1 in Hexes
 17348 | D:12     | Reached XP level 13. HP: 67/67 MP: 22/30
 18431 | D:13     | Lost mutation: You are partially covered in large bone
                  | plates. (SH +4) [potion of mutation]
 18431 | D:13     | Lost mutation: Your flesh is cold resistant. (rC+) [potion
                  | of mutation]
 18431 | D:13     | Gained mutation: Your body sometimes deteriorates upon
                  | taking damage. [potion of mutation]
 18431 | D:13     | Gained mutation: You have hidden genetic defects. [potion
                  | of mutation]
 18431 | D:13     | Gained mutation: You are clumsy. (Dex -2) [potion of
                  | mutation]
 19277 | D:13     | Found a gate to the Vaults.
 19559 | Lair:1   | Entered Level 1 of the Lair of Beasts
 19586 | Lair:1   | Found a broken altar of Ashenzari.
 19638 | Lair:1   | Found the +8 demon blade "Leech" {evervamp, Harm ^Drain
                  | rN+}
 19725 | Lair:1   | Gained mutation: You occasionally shout uncontrollably at
                  | your foes. [hidden defects]
 20115 | Lair:1   | Identified the +0 robe of Autumn {Str+5 Int-3 Dex+6}
 20563 | Lair:1   | Found a runed translucent door.
 20814 | Lair:1   | Noticed Rupert
 20830 | Lair:1   | Paralysed by Rupert for 5 turns
 20834 | Lair:1   | Slain by Rupert

Illustrated notes

Levels and vault maps discovered:
D:1:      dpeg_arrival_water_temple_mockup, layout_basic,
          palyth_stone_intersect, kennysheep_small_spiral,
          roderic_serpentine_path
D:2:      layout_rooms, hellmonk_ecumenical_altar_watching_god,
          kennysheep_cross_bottleneck, minmay_hedge_maze, uniq_robin
D:3:      wad_pebble_path, layout_basic
D:4:      minmay_door_path, layout_rooms, minmay_temple_entry_trees,
          minmay_misc_feat_room, uniq_eustachio
D:5:      layout_basic, gup_sewer_entry_glass, hangedman_minor_gate_pass
D:6:      layout_basic, amethyst_overflow_temple_binary,
          minmay_fractal_squares_5
D:7:      layout_basic, mainiacjoe_overflow_tiny_flanked, trog_ov_bears_minmay,
          marbit_many_paths, serial_shops, shop
D:8:      layout_loops_ring, mainiacjoe_overflow_concentric_impassable,
          kennysheep_generic_room_10
D:9:      minmay_chambers_of_sixes, layout_loops_cross,
          grunt_temple_overflow_opulence, hive_lemuel
D:10:     layout_gridville
D:11:     layout_rooms, minmay_lair_entry_grove, nicolae_trove_entry_columns,
          minivault_16
D:12:     layout_rooms
D:13:     layout_big_octagon, david_vaults_4
Lair:1:   layout_regular_city, basic_altar, dreamdust_deal_with_the_devil,
          chequers_serial_rivers_micro_a, pdpol_lair_cabin_in_the_woods

Skill      XL: |  1  2  3  4  5  6  7  8  9 10 11 12 13 |
---------------+----------------------------------------+-----
Dodging        | 3 4 5 6 8 9 10 11 | 11.1
Earth Magic    | 3 4 5 6 7 |  7.5
Spellcasting   | 3 4 5 6 8 9 11 12 13 | 13.5
Fighting       | 1 2 3 4 5 6 7 |  7.7
Short Blades   | 1 2 3 4 7 8 |  8.9
Stealth        | 4 6 7 8 10 11 12 13 | 13.9
Conjurations   | 1 2 3 4 |  4.4
Translocations | 1 |  1.2
Evocations     | 1 2 |  2.0
Armour         | 1 2 |  2.6
Alchemy        | 1 2 |  2.3
Hexes          | 1 |  1.2
Long Blades    | |  0.9
Fire Magic     | |  0.3

Action                     |  1- 3 |  4- 6 |  7- 9 | 10-12 | 13-15 || total
---------------------------+-------+-------+-------+-------+-------++-------
  Melee: Whip              |    23 |       |       |       |       ||    23
         Dagger            |     1 |       |       |       |       ||     1
         Short sword       |       |    72 |    90 |   169 |    37 ||   368
         Kick              |       |     1 |    41 |    10 |       ||    52
         Staff             |       |       |       |    16 |       ||    16
         Demon blade       |       |       |       |       |    44 ||    44
   Cast: Sandblast         |    57 |    17 |    41 |    71 |    29 ||   215
         Momentum Strike   |       |    18 |       |     3 |       ||    21
         Stone Arrow       |       |    11 |    76 |    59 |    26 ||   172
         Brom's Barrelling |       |     1 |    34 |    45 |    12 ||    92
         Petrify           |       |       |       |    44 |    53 ||    97
         Inner Flame       |       |       |       |     9 |    11 ||    20
  Evoke: Wand              |       |       |    23 |    20 |       ||    43
    Use: Scroll            |     2 |       |     8 |    10 |     3 ||    23
         Potion            |       |     4 |     2 |     7 |     4 ||    17
   Stab: Sleeping          |       |     4 |     3 |     3 |     2 ||    12
         Paralysed         |       |       |       |     3 |       ||     3
         Petrified         |       |       |       |    37 |    42 ||    79
         Distracted        |       |       |       |       |     2 ||     2
 Armour: Robe              |    12 |    35 |    72 |       |     9 ||   128
         Troll leather arm |       |       |     4 |   108 |    63 ||   175
  Dodge: Dodged            |    38 |    65 |   124 |   201 |   138 ||   566
  Block: Other             |       |       |       |    24 |     5 ||    29

Table legend: (Time is in decaauts)
 A = Elapsed time spent in this place.
 B = Non-inter-level travel time spent in this place.
 C = Inter-level travel time spent in this place.
 D = Time resting spent in this place.
 E = Time spent auto-exploring this place.
 F = Levels seen in this place.
 G = Mean time per level.
                   A        B        C        D        E       F      G
               +--------+--------+--------+--------+--------+-----+--------+
         Total |  17078 |  16789 |    289 |   6933 |   7211 |  14 | 1219.9 |
       Dungeon |  16074 |  15785 |    289 |   6582 |   6808 |  13 | 1236.5 |
          Lair |   1003 |   1003 |      0 |    351 |    403 |   1 | 1003.0 |
               +--------+--------+--------+--------+--------+-----+--------+

Top non-repeatable levels by time:
     D:9: 2736 daAuts
    D:11: 2431 daAuts
    D:13: 1626 daAuts
    D:12: 1404 daAuts
     D:5: 1314 daAuts
     D:4: 1134 daAuts
    D:10: 1026 daAuts
  Lair:1: 1003 daAuts
     D:6: 956 daAuts
     D:1: 922 daAuts
     D:8: 845 daAuts
     D:7: 662 daAuts
     D:2: 618 daAuts
     D:3: 394 daAuts
